 Dungeon Crawl Stone Soup version 0.28-a0-1613-gdaab1c2f9b (webtiles) character file.

Game seed: 3941593514346593817

42 lonewolfV2 the Ruffian (level 3, -1/37 HPs)
             Began as a Troll Berserker on Jan 21, 2022.
             Was a Believer of Trog.
             Slain by a goblin (5 damage)
             ... led by Robin
             ... on level 2 of the Dungeon.
             The game lasted 00:02:29 (1080 turns).

lonewolfV2 the Ruffian (Troll Berserker)            Turns: 1080, Time: 00:02:29

Health: -1/37      AC:  4    Str: 27    XL:     3   Next: 35%
Magic:  2/2        EV: 10    Int:  3    God:    Trog [**....]
Gold:   55         SH:  0    Dex:  9    Spells: 2/2 levels left

rFire   . . .      SeeInvis .     - Unarmed
rCold   . . .      Faith    .   (no shield)
rNeg    . . .      Spirit   .   a - +0 animal skin
rPois   .          Reflect  .   (helmet restricted)
rElec   .          Harm     .   (no cloak)
rCorr   .          Rampage  .   (gloves unavailable)
Will    .....                   (boots unavailable)
Stlth   +.........              (no amulet)
HPRegen 0.92/turn               (no ring)
MPRegen 0.08/turn               (no ring)

@: attractive
A: large, unfitting armour, claws 3, regeneration 1, shaggy fur 1, tough skin 1
a: Renounce Religion, Berserk, Trog's Hand


You were on level 2 of the Dungeon.
You worshipped Trog.
Trog was pleased with you.
You visited 1 branch of the dungeon, and saw 2 of its levels.

You collected 55 gold pieces.

Inventory:

Missiles
 e - 2 throwing nets (quivered)
Armour
 a - a +0 animal skin (worn)
Jewellery
 h - an amulet of faith
Scrolls
 b - a scroll of magic mapping {unknown}
 c - 2 scrolls of teleportation {unknown}
 g - a scroll of identify {unknown}
Potions
 d - a potion of invisibility


   Skills:
 + Level 3.0 Fighting
 + Level 2.8 Dodging
 + Level 3.4 Unarmed Combat


You had 2 spell levels left.
You didn't know any spells.
Your spell library was empty.

Dungeon Overview and Level Annotations

Branches:
Dungeon (2/15)

Altars:
Qazlal


Innate Abilities, Weirdness & Mutations

You are too large for most types of armour.
You have claws for hands.
Your natural rate of healing is unusually fast.
You are covered in fur. (AC +1)
You have tough skin. (AC +1)


Message History

You scratch the hobgoblin.
The hobgoblin is heavily wounded.
The goblin hits you with a +0 club.
* * * LOW HITPOINT WARNING * * *
The hobgoblin barely misses you. The hobgoblin is attracted toward you.
The goblin is attracted toward you. x2
You claw the hobgoblin!
You kill the hobgoblin!
Trog accepts your kill. The goblin barely misses you.
You strike the helpless hobgoblin from behind!
You claw the hobgoblin!
You kill the hobgoblin!
Trog accepts your kill.
You flicker back into view.
The goblin hits you but does no damage. The goblin barely misses you.
The hobgoblin is attracted toward you. The goblin is attracted toward you. x2
You barely miss the hobgoblin. The hobgoblin misses you.
The goblin hits you but does no damage. The goblin barely misses you.
The goblin is attracted toward you.
You scratch the hobgoblin.
The hobgoblin is severely wounded.
The hobgoblin barely misses you. The goblin completely misses you.
The goblin misses you. The goblin hits you with a +0 club.
* * * LOW HITPOINT WARNING * * *
You claw the hobgoblin!
You kill the hobgoblin!
Trog accepts your kill.
You can now call upon Trog for regeneration and willpower.
The goblin barely misses you. The goblin hits you but does no damage.
The goblin hits you with a +0 club.
* * * LOW HITPOINT WARNING * * *
You claw the goblin!
You kill the goblin!
Trog accepts your kill. The goblin hits you with a +0 club.
* * * LOW HITPOINT WARNING * * *
The goblin hits you but does no damage. The goblin hits you with a +0 club.
You die...

#.... #....... #.... #......
#.... #...... #.... #.....
#.... #..... #.... #...#
g####...####################
g.ยงยง....)))@................
.##########ggg......########
#.........# #. #.........# #.
#.........# #.
#.........#######.
#.........#.......
##.########....... #.......


You could see 3 goblins.

Vanquished Creatures
  Robin (D:2)
  An endoplasm (D:1)
  5 hobgoblins
  4 jackals (D:1)
  2 quokkas
  4 bats
  7 goblins
  6 rats
30 creatures vanquished.

Vanquished Creatures (others)
  A hobgoblin (D:2)
1 creature vanquished.

Grand Total: 31 creatures vanquished

Notes
Turn   | Place    | Note
-------+----------+-------------------------------------------
     0 | D:1      | lonewolfV2 the Troll Berserker began the quest for the Orb.
     0 | D:1      | Reached XP level 1. HP: 22/22 MP: 0/0
   144 | D:1      | Reached XP level 2. HP: 29/29 MP: 1/1
   401 | D:1      | Found a faded altar of an unknown god.
   723 | D:2      | Found a stormy altar of Qazlal.
  1042 | D:2      | Noticed Robin
  1072 | D:2      | Killed Robin
  1073 | D:2      | Reached XP level 3. HP: 14/37 MP: 2/2
  1078 | D:2      | Reached ** piety under Trog
  1080 | D:2      | Slain by a goblin

Illustrated notes

Levels and vault maps discovered:
D:1:      lemuel_arrival_room, layout_basic, ebering_ecumenical_altar_box
D:2:      layout_basic, basic_altar, minmay_misc_feat_diagonals, uniq_robin

Skill      XL: |  1  2 |
---------------+-------+-----
Fighting       | 3 |  3.0
Dodging        | |  2.8
Unarmed Combat | |  3.4

Action                   || total
-------------------------++-------
Melee: Unarmed           ||    70
  Use: Potion            ||     2
 Stab: Invisible         ||     1
Armor: Animal skin       ||    35
Dodge: Dodged            ||    44

Table legend: (Time is in decaauts)
 A = Elapsed time spent in this place.
 B = Non-inter-level travel time spent in this place.
 C = Inter-level travel time spent in this place.
 D = Time resting spent in this place.
 E = Time spent auto-exploring this place.
 F = Levels seen in this place.
 G = Mean time per level.
                   A        B        C        D        E       F      G
               +--------+--------+--------+--------+--------+-----+--------+
         Total |   1075 |   1049 |     26 |      0 |    820 |   2 |  537.5 |
       Dungeon |   1075 |   1049 |     26 |      0 |    820 |   2 |  537.5 |
               +--------+--------+--------+--------+--------+-----+--------+

Top non-repeatable levels by time:
     D:1: 716 daAuts
     D:2: 358 daAuts
